 Dungeon Crawl Stone Soup version 0.21.0-3-g78d12a8 (webtiles) character file.

100 letownia2 the Ruffian (level 4, -3/28 HPs)
             Began as a Gargoyle Fighter on Jan 11, 2018.
             Splashed by a goblin's acid (12 damage)
             ... on level 3 of the Dungeon.
             The game lasted 00:01:55 (745 turns).

letownia2 the Ruffian (Gargoyle Fighter)             Turns: 745, Time: 00:01:56

Health: -3/28      AC: 11    Str: 19    XL:     4   Next: 73%
Magic:  4/4        EV:  9    Int: 10    God:
Gold:   25         SH:  0    Dex:  9    Spells: 3/3 levels left

rFire    . . .     SeeInvis .     - Unarmed
rCold    . . .     Gourm    .   (no shield)
rNeg     + . .     Faith    .   a - +0 scale mail
rPois    ∞         Spirit   .   g - +0 helmet
rElec    +         Reflect  .   (no cloak)
rCorr    .         Harm     .   (no gloves)
MR       .....                  (no boots)
Stlth    ..........             (no amulet)
HPRegen  0.09/turn              (no ring)
MPRegen  0.09/turn              (no ring)

@: no status effects
A: negative energy resistance 1, electricity resistance, unbreathing,
petrification resistance, rot immunity, AC +3
a: no special abilities


You were on level 3 of the Dungeon.
You were not hungry.

You visited 1 branch of the dungeon, and saw 3 of its levels.

You collected 25 gold pieces.

Inventory:

Armour
 a - a +0 scale mail (worn)
 b - a +0 shield
 g - a +0 helmet (worn)
 m - a +2 leather armour of cold resistance
Jewellery
 i - an uncursed ring of magical power {unknown}
Scrolls
 f - a scroll of magic mapping {unknown}
 h - a scroll of random uselessness {unknown}
 k - a scroll of fog {unknown}
 l - 2 scrolls of identify {unknown}
Potions
 c - a potion of might
 e - a potion of berserk rage {unknown}
Comestibles
 d - 2 rations
 j - 8 chunks of flesh


   Skills:
 - Level 3.2 Fighting
 - Level 3.2 Armour
 - Level 3.2 Shields
 + Level 4.8 Unarmed Combat


You had 3 spell levels left.
You didn't know any spells.

Dungeon Overview and Level Annotations

Branches:
Dungeon (3/15)

Altars:


Innate Abilities, Weirdness & Mutations

You are resistant to torment.
Your stone body is resilient. (AC +3)
You are immune to poison.
You resist negative energy. (rN+)
You are resistant to electric shocks. (rElec)
You can survive without breathing.
You are immune to petrification.
You are immune to rotting.


Message History

No target in view!
No target in view!
No target in view!
No target in view!
No target in view!
Things that are here:
a hobgoblin corpse; an adder corpse Butcher a hobgoblin corpse? [(y)es/(c)hoosy/(n)o/(a)ll/(e)dible/(q)uit/?]
You butcher the hobgoblin corpse.
You butcher the adder corpse.
j - 6 chunks of flesh (gained 1);
j - 8 chunks of flesh (gained 2)
You see here a hobgoblin skeleton.
Unknown command.
A goblin comes into view. It is wielding a dagger.
The goblin shouts!
A goblin is nearby!
The goblin zaps a wand.
The bolt of acid hits you!
Ouch! That really hurt!
You are splashed with acid!
The acid burns!
You die...

#. .# .# g###
...#### .......
##...# ##@..#
##..#.#
###..##(#
..####...###.#
#........# #.#
########÷# #.#
#.###.#####
#.........#
#####''########


You could see a goblin.

Vanquished Creatures
  A hound (D:2)
  4 adders
  An ooze (D:1)
  4 orcs (D:3)
  2 giant cockroaches (D:3)
  4 goblins
  2 hobgoblins
  A jackal (D:3)
  A quokka (D:2)
  A bat (D:3)
  3 kobolds
  4 rats
28 creatures vanquished.

Vanquished Creatures (others)
  A jackal (D:2)
  A rat (D:2)
2 creatures vanquished.

Grand Total: 30 creatures vanquished

Notes
Turn   | Place    | Note
-------+----------+-------------------------------------------
     0 | D:1      | letownia2 the Gargoyle Fighter began the quest for the Orb.
     0 | D:1      | Reached XP level 1. HP: 14/14 MP: 1/1
   191 | D:1      | Reached XP level 2. HP: 13/19 MP: 2/2
   243 | D:2      | Reached skill level 3 in Unarmed Combat
   243 | D:2      | Reached XP level 3. HP: 11/23 MP: 3/3
   483 | D:2      | Reached skill level 4 in Unarmed Combat
   503 | D:3      | Reached XP level 4. HP: 25/28 MP: 4/4
   745 | D:3      | Splashed by a goblin's acid

Skill      XL: |  1  2  3 |
---------------+----------+-----
Unarmed Combat | 3 4 |  4.8
Fighting       | |  3.2
Armour         | |  3.2
Shields        | |  3.2

Action                   |  1- 3 |  4- 6 || total
-------------------------+-------+-------++-------
Melee: Unarmed           |    79 |    64 ||   143
       Punch             |       |     1 ||     1
Armor: Scale mail        |    30 |    38 ||    68
Dodge: Dodged            |    33 |    29 ||    62
Block: Shield            |     7 |       ||     7
